 Dungeon Crawl Stone Soup version 0.26.1-11-gd32895ea62 (webtiles) character file.

Game seed: 1754578216247136341

48111 KamiKatze the Destroyer (level 14, -1/102 HPs)
             Began as a Grey Draconian Conjurer on May 21, 2021.
             Was a High Priest of Vehumet.
             Slain by a freezing wraith (3 damage)
             ... on level 12 of the Dungeon on May 23, 2021.
             The game lasted 02:11:18 (18854 turns).

KamiKatze the Destroyer (Grey Draconian Conjurer)  Turns: 18854, Time: 02:11:20

Health: -1/102     AC: 16    Str: 16    XL:     14   Next: 11%
Magic:  9/38       EV: 13    Int: 21    God:    Vehumet [*****.]
Gold:   1561       SH:  0    Dex: 12    Spells: 9/35 levels left

rFire    . . .     SeeInvis .   h - +3 dagger (elec)
rCold    . . .     Faith    .   (no shield)
rNeg     . . .     Spirit   .   (armour unavailable)
rPois    .         Reflect  .   (helmet restricted)
rElec    .         Harm     .   (no cloak)
rCorr    .         Rampage  .   B - +0 pair of gloves
Will     +....                  v - +1 pair of boots
Stlth    +++.......             q - amulet of magic regeneration
HPRegen  0.27/turn              a - +6 ring of strength
MPRegen  0.51/turn              A - ring of magical power

@: slowed, very slow
A: walk through water, unfitting armour, unbreathing, cold-blooded, AC +13
a: Renounce Religion


You were on level 12 of the Dungeon.
You worshipped Vehumet.
Vehumet was extremely pleased with you.
You visited 4 branches of the dungeon, and saw 19 of its levels.

You collected 2057 gold pieces.
You spent 496 gold pieces at shops.

Inventory:

Hand Weapons
 h - a +3 dagger of electrocution (weapon)
 L - a +2 dagger of venom
Missiles
 b - 57 poisoned darts (quivered)
 d - 394 stones
 k - 8 silver boomerangs
 t - 6 atropa-tipped darts
 x - 7 curare-tipped darts
Armour
 v - a +1 pair of boots (worn)
 B - a +0 pair of gloves (worn)
Magical Staves
 J - an uncursed staff of conjuration
Jewellery
 a - a +6 ring of strength (left hand)
 q - an amulet of magic regeneration (around neck)
 w - an uncursed ring of fire
 A - a ring of magical power (right hand)
Wands
 e - a wand of disintegration (7)
 n - a wand of acid (14)
 y - a wand of enslavement (11)
 D - a wand of iceblast (13)
 E - a wand of flame (50)
 G - a wand of digging (5)
 N - a wand of polymorph (10)
Scrolls
 c - a scroll of amnesia
 i - 2 scrolls of magic mapping
 l - a scroll of fog
 o - 6 scrolls of teleportation
 p - 14 scrolls of remove curse
 I - a scroll of enchant armour
 M - a scroll of identify
Potions
 f - a potion of attraction
 g - 2 potions of invisibility
 m - a potion of flight
 u - 4 potions of brilliance
 C - 2 potions of mutation
 F - 3 potions of curing
 H - a potion of haste
 K - a potion of lignification {unknown}
Miscellaneous
 s - a lightning rod (4/4)
 z - a condenser vane


   Skills:
 - Level 3.0 Fighting
 - Level 4.0 Dodging
 - Level 5.0 Stealth
 * Level 11.2 Spellcasting
 * Level 12.0 Conjurations
 + Level 9.4 Hexes
 - Level 10.0 Translocations
 - Level 4.0 Transmutations
 + Level 6.1 Fire Magic
 - Level 4.0 Ice Magic
 - Level 2.0 Air Magic
 - Level 4.0 Poison Magic
 - Level 2.0 Evocations


You had 9 spell levels left.
You knew the following spells:

 Your Spells              Type           Power        Failure   Level
a - Magic Dart            Conj           100%         1%          1
b - Searing Ray           Conj           100%         1%          2
c - Fulminant Prism       Conj/Hex       27%          1%          4
d - Iskenderun's Mystic   Conj/Tloc      55%          1%          4
e - Hailstorm             Conj/Ice       45%          1%          4
f - Mephitic Cloud        Conj/Pois/Air  37%          1%          3
g - Ignite Poison         Fire/Tmut/Pois 31%          1%          3
h - Fireball              Conj/Fire      25%          1%          5

Your spell library contained the following spells:

 Spells                   Type           Power        Failure   Level
 Ozocubu's Refrigeration  Ice            14%          38%         6
 Apportation              Tloc           100%         1%          1
 Corona                   Hex            55%          1%          1
 Blink                    Tloc           N/A          1%          2
 Slow                     Hex            50%          1%          2
 Conjure Flame            Conj/Fire      50%          1%          3
 Dazzling Flash           Conj/Hex       100%         1%          3
 Irradiate                Conj/Tmut      22%          1%          5
 Iskenderun's Battlesphe  Conj           58%          1%          5
 Bolt of Magma            Conj/Fire/Erth 18%          3%          5
 Animate Skeleton         Necr           22%          6%          1
 Pain                     Necr           44%          6%          1
 Summon Small Mammal      Summ           44%          6%          1
 Airstrike                Air            10%          7%          4
 Call Imp                 Summ           11%          9%          2
 Sublimation of Blood     Necr           5%           9%          2
 Orb of Destruction       Conj           29%          10%         7
 Vampiric Draining        Necr           5%           17%         3
 Iron Shot                Conj/Erth      18%          19%         6
 Petrify                  Tmut/Erth      20%          26%         4
 Alistair's Intoxication  Tmut/Pois      18%          30%         5
 Eringya's Noxious Bog    Tmut/Pois      14%          38%         6
 Animate Dead             Necr           5%           50%         4
 Spellforged Servitor     Conj/Summ      18%          67%         7
 Agony                    Necr           11%          85%         5
 Borgnjor's Vile Clutch   Necr/Erth      5%           85%         5
 Simulacrum               Ice/Necr       10%          98%         6
 Death Channel            Necr           5%           100%        6


Dungeon Overview and Level Annotations

Branches:
Dungeon (13/15)            Temple (1/1) D:7            Lair (3/6) D:8
  Snake (0/4) Lair:3          Orc (2/2) D:10            Elf (0/3) Orc:2
  Swamp: Lair:2-4    Shoals: Lair:2-4    Vaults: D:13-14

Altars:
Ashenzari
Cheibriados
Dithmenos
Elyvilon
Fedhas
Gozag
Hepliaklqana
Kikubaaqudgha
Makhleb
Nemelex Xobeh
Okawaru
Qazlal
Ru
Sif Muna
Trog
Uskayaw
Vehumet
Wu Jian
Xom
Yredelemnul
Zin
The Shining One

Shops:
D:5 [   Orc:2 !?*?

Portals:
Abyss: D:7

Annotations:
D:7 2 transporters, urm's ghost, novice GrEE
D:10 1 runed translucent door, exclusion: door, Descartes's ghost, novice TrCK
Lair:1 exclusion: downstairs
Lair:3 It's fucking rupper!!, Rupert


Innate Abilities, Weirdness & Mutations

You can walk through water.
Your dull iron-grey scales are very hard. (AC +13)
You cannot fit into any form of body armour.
You can survive without breathing.
You are cold-blooded and may be slowed by cold attacks.


Message History

The fireball engulfs the freezing wraith!
The freezing wraith is burned terribly!
The freezing wraith is moderately damaged.
The freezing wraith hits you but does no damage. x2
Casting: Fireball (mildly dangerous; 1% risk of failure)
Confirm with . or Enter, or press ? or * to list all spells.
Aiming: Fireball (mildly dangerous; 1% risk of failure)
Press: ? - help, Shift-Dir - straight line The fireball explodes!
The fireball engulfs the freezing wraith!
The freezing wraith is burned terribly!
The freezing wraith is severely damaged.
The freezing wraith hits you but does no damage.
The freezing wraith misses you. The freezing wraith hits you.
* * * LOW HITPOINT WARNING * * *
The freezing wraith freezes you!
You feel as though you will be slow longer.
* * * LOW HITPOINT WARNING * * *
The freezing wraith hits you.
You die...

#..##############
################..##############
#...............................
#...............................
#.#################...##########
#...............................
#...............................
#.############.W.##############.
#.# #.@.# #. #.# #...# #. #.#
#...# #. ### ##### ##


You could see a freezing wraith.

Vanquished Creatures
  An orc warlord (Orc:1)
  Snorg (D:12)
  A hydra (Lair:2)
  Erica (D:8)
  A centaur warrior (D:12)
  18 two-headed ogres
  4 ogre magi (Orc:2)
  An orc knight (Orc:2)
  4 oklob plants (Lair:3)
  A deep elf mage (D:13)
  An orc sorcerer (Orc:2)
  2 ugly things
  3 cyclopes (D:12)
  A black mamba (Lair:2)
  3 elephants (Lair:2)
  A centaur zombie (D:12)
  Psyche (D:8)
  4 cane toads
  A gargoyle (D:13)
  A rime drake (Lair:2)
  2 centaur skeletons
  Maggie (D:8)
  A komodo dragon (D:13)
  2 ice devils (Lair:1)
  5 trolls
  A hornet (D:13)
  A meliai zombie (D:13)
  12 blink frogs
  Sigmund (D:6)
  A spriggan (D:8)
  2 basilisks (Lair:1)
  A wyvern (D:9)
  20 yaks
  2 vampire mosquitoes (D:13)
  6 wargs
  9 water moccasins
  Duvessa (D:7)
  A sky beast (D:9)
  An ice beast (D:5)
  2 phantoms
  22 orc warriors
  A black bear (D:12)
  A hornet zombie (D:8)
  An eye of draining (D:12)
  2 necrophages
  36 ogres
  11 wolves
  5 centaurs
  3 big kobolds
  9 bullfrogs
  A water moccasin zombie (D:8)
  Dowan (D:7)
  7 scorpions
  9 killer bees (D:10)
  3 wights (D:6)
  2 howler monkeys
  2 bullfrog zombies
  A quasit (D:9)
  10 hounds
  6 orc priests
  5 jellies
  15 orc wizards
  3 bullfrog skeletons
  4 iguanas
  10 worker ants
  A killer bee zombie (D:10)
  2 human simulacra (D:13)
  A hound skeleton (D:7)
  A worker ant zombie (D:9)
  2 howler monkey skeletons
  7 gnolls
  13 adders
  2 shadow imps
  2 white imps
  2 ufetubi
  An ooze (D:4)
  An adder zombie (D:7)
  3 dart slugs
  8 leopard geckos
  77 orcs
  3 giant cockroaches
  8 goblins
  4 hobgoblins
  6 jackals
  2 quokkas
  3 ball pythons
  10 bats
  6 frilled lizards
  18 kobolds
  3 rats
  A fulminant prism (Orc:2)
480 creatures vanquished.

Vanquished Creatures (others)
  A wyvern (D:12)
  264 fulminant prisms
  22 fungi
  39 plants
326 creatures vanquished.

Grand Total: 806 creatures vanquished

Notes
Turn   | Place    | Note
-------+----------+-------------------------------------------
     0 | D:1      | KamiKatze the Draconian Conjurer began the quest for the
                  | Orb.
     0 | D:1      | Reached XP level 1. HP: 14/14 MP: 3/3
   374 | D:1      | Reached XP level 2. HP: 8/20 MP: 5/5
   377 | D:1      | Learned a level 2 spell: Searing Ray
  1211 | D:2      | Reached XP level 3. HP: 26/26 MP: 6/6
  1222 | D:2      | Found a faded altar of an unknown god.
  1608 | D:2      | Found a bloodstained altar of Trog.
  1660 | D:3      | Reached XP level 4. HP: 33/33 MP: 6/8
  1665 | D:3      | Learned a level 4 spell: Fulminant Prism
  1731 | D:3      | Found a blossoming altar of Fedhas.
  2178 | D:4      | Reached skill level 1 in Hexes
  2210 | D:4      | HP: 1/33 [poisoned by a worker ant]
  2528 | D:4      | Reached XP level 5. HP: 37/38 MP: 4/9
  2539 | D:4      | Reached skill level 5 in Conjurations
  2652 | D:4      | Learned a level 4 spell: Iskenderun's Mystic Blast
  2790 | D:4      | Reached XP level 6. HP: 45/45 MP: 7/11
  2935 | D:4      | Reached skill level 1 in Translocations
  3397 | D:5      | Entered Level 5 of the Dungeon
  3475 | D:5      | Found a basalt altar of Yredelemnul.
  3742 | D:5      | Your scales start taking on a dull iron-grey colour.
  3742 | D:5      | Reached XP level 7. HP: 42/50 MP: 10/13
  3742 | D:5      | Gained mutation: You can survive without breathing. [Grey
                  | Draconian growth]
  3849 | D:5      | Found Luacairi's Antique Armour Boutique.
  3868 | D:5      | Reached skill level 6 in Conjurations
  4867 | D:6      | Noticed Sigmund
  4880 | D:6      | Killed Sigmund
  4881 | D:6      | Reached XP level 8. HP: 51/57 MP: 15/15
  4909 | D:6      | Reached skill level 5 in Spellcasting
  5088 | D:7      | Found a transporter.
  5102 | D:7      | Identified the +7 trident "Zaluh" {distort, +Rage}
  5103 | D:7      | Noticed a rakshasa
  5119 | D:7      | Found a transporter.
  5172 | D:7      | Noticed Duvessa
  5172 | D:7      | Noticed Dowan
  5235 | D:7      | Killed Duvessa
  5322 | D:7      | Killed Dowan
  5323 | D:7      | Reached skill level 7 in Conjurations
  5338 | D:7      | Found a one-way gate to the infinite horrors of the Abyss.
  5338 | D:7      | Noticed urm's ghost (novice GrEE)
  5338 | D:7      | Noticed a sixfirhy
  5564 | D:7      | Found a staircase to the Ecumenical Temple.
  5595 | Temple   | Entered the Ecumenical Temple
  5647 | Temple   | Became a worshipper of Vehumet
  5844 | D:7      | Reached skill level 5 in Hexes
  5844 | D:7      | Reached XP level 9. HP: 40/62 MP: 17/17
  6340 | D:8      | Reached skill level 5 in Translocations
  6342 | D:8      | Noticed Psyche
  6353 | D:8      | Killed Psyche
  6408 | D:8      | Noticed Maggie
  6426 | D:8      | Killed Maggie
  6668 | D:8      | Noticed Erica
  6682 | D:8      | Killed Erica
  6683 | D:8      | Reached skill level 8 in Conjurations
  6839 | D:8      | Found a staircase to the Lair.
  7012 | D:8      | Reached * piety under Vehumet
  7012 | D:8      | Offered knowledge of Freeze by Vehumet.
  7126 | D:8      | Reached XP level 10. HP: 58/69 MP: 20/20
  7436 | D:9      | Noticed a two-headed ogre
  7445 | D:9      | Killed a two-headed ogre
  7528 | D:9      | Reached skill level 9 in Conjurations
  7533 | D:9      | Learned a level 3 spell: Mephitic Cloud
  7921 | D:9      | Reached skill level 1 in Poison Magic
  8064 | D:9      | Reached skill level 1 in Air Magic
  8258 | D:9      | Offered knowledge of Shock by Vehumet.
  8327 | D:9      | Reached ** piety under Vehumet
  8428 | D:10     | Entered Level 10 of the Dungeon
  8428 | D:10     | Found a staircase to the Orcish Mines.
  8576 | D:10     | Reached skill level 1 in Fighting
  8783 | D:10     | Noticed Descartes's ghost (novice TrCK)
  8786 | D:10     | Found a runed translucent door.
  9214 | D:10     | Offered knowledge of Ignite Poison by Vehumet.
  9217 | D:10     | Reached *** piety under Vehumet
  9222 | D:10     | Learned a level 3 spell: Ignite Poison
  9405 | Lair:1   | Entered Level 1 of the Lair of Beasts
  9459 | Lair:1   | Noticed a cane toad
  9471 | Lair:1   | Killed a cane toad
  9472 | Lair:1   | Reached skill level 1 in Evocations
  9561 | Lair:1   | Reached XP level 11. HP: 61/77 MP: 22/22
  9731 | Lair:1   | Reached skill level 1 in Fire Magic
  9737 | Lair:1   | Reached skill level 1 in Transmutations
  9755 | Lair:1   | Offered knowledge of Hailstorm by Vehumet.
 10748 | Lair:2   | Noticed a seven-headed hydra
 10922 | Lair:2   | Killed a seven-headed hydra
 10980 | Lair:2   | Learned a level 4 spell: Hailstorm
 11077 | Lair:2   | Got a flickering ivory amulet
 11103 | Lair:1   | Identified the amulet of Zuxugyiq {Inacc *Slow Int+9 Dex-5
                  | Stlth+} (You found it on level 2 of the Lair of Beasts)
 11183 | Lair:2   | Reached skill level 1 in Ice Magic
 11454 | Lair:2   | Reached **** piety under Vehumet
 11600 | Lair:2   | Reached XP level 12. HP: 88/88 MP: 19/24
 11696 | Lair:2   | Offered knowledge of Airstrike by Vehumet.
 12098 | Lair:3   | Reached skill level 10 in Conjurations
 12239 | Lair:3   | Found a staircase to the Snake Pit.
 12245 | Lair:3   | Learned a level 4 spell: Airstrike
 12294 | Lair:3   | Noticed Rupert
 12463 | Orc:1    | Entered Level 1 of the Orcish Mines
 12486 | Orc:1    | Noticed an orc warlord
 13053 | Orc:1    | Killed an orc warlord
 13811 | Orc:2    | Entered Level 2 of the Orcish Mines
 13870 | Orc:2    | Reached ***** piety under Vehumet
 14024 | Orc:2    | Offered knowledge of Fireball by Vehumet.
 14130 | Lair:1   | Learned a level 5 spell: Fireball
 14288 | Orc:2    | Noticed a two-headed ogre
 14334 | Orc:2    | Noticed an ogre mage
 14341 | Orc:2    | Killed an ogre mage
 14351 | Orc:2    | Reached skill level 5 in Stealth
 14358 | Orc:2    | Noticed a two-headed ogre
 14367 | Orc:2    | Killed a two-headed ogre
 14416 | Orc:2    | Noticed a two-headed ogre
 14439 | Orc:2    | Killed a two-headed ogre
 14460 | Orc:2    | Noticed a two-headed ogre
 14465 | Orc:2    | Killed a two-headed ogre
 14466 | Orc:2    | Reached XP level 13. HP: 78/94 MP: 13/26
 14803 | Orc:2    | Reached skill level 10 in Spellcasting
 14928 | Orc:2    | Paralysed by an ogre mage for 3 turns
 14975 | Orc:2    | Reached skill level 11 in Conjurations
 15115 | Orc:2    | Found a staircase to the Elven Halls.
 15448 | Orc:2    | Reached skill level 5 in Fire Magic
 16221 | Orc:2    | Found Laigoc's Assorted Antiques.
 16221 | Orc:2    | Found Ruox's Distillery.
 16222 | Orc:2    | Found Fuh Teil's Magic Scroll Shoppe.
 16222 | Orc:2    | Found Jacryts's Magic Scroll Shop.
 16445 | Orc:2    | Bought a scroll labelled IPNUAN YRYIKEU for 31 gold pieces
 16464 | Orc:2    | Bought a paperback book for 465 gold pieces
 17205 | D:12     | Noticed Snorg
 17448 | D:12     | Killed Snorg
 17656 | D:12     | Offered knowledge of Ozocubu's Refrigeration by Vehumet.
 18145 | D:12     | Reached XP level 14. HP: 69/102 MP: 25/29
 18474 | D:13     | Reached skill level 10 in Translocations
 18478 | D:13     | Reached skill level 12 in Conjurations
 18850 | D:13     | HP: 1/102 [boulder beetle (20)]
 18854 | D:12     | Slain by a freezing wraith

Illustrated notes

Levels and vault maps discovered:
D:1:      wander_arrival_desolate, layout_rooms, amethyst_killhole
D:2:      layout_loops_ring, chequers_ecumenical_altar_simple_redux,
          minmay_misc_feat_four_crosses, trog_butcher_becter
D:3:      layout_basic, fedhas_altar_fruit_tree
D:4:      layout_basic
D:5:      layout_rooms, serial_shops, nicolae_shop_statue_plus, corexii_shack,
          corner_web_ring, yredelemnul_altar_generic
D:6:      layout_loops_corners, uniq_sigmund
D:7:      layout_loops_cross, temple_fountains, gammafunk_ghost_abyssal_escape,
          uniq_duvessa
D:8:      layout_loops_cross, lair_entry_dummy, the_bakery, uniq_erica,
          uniq_psyche, uniq_maggie
D:9:      layout_grid_maze, st_stairs_3
D:10:     layout_basic, orc_0_dummy, hellmonk_ghost_happy_afterlife,
          special_room [special_room_orc]
D:11:     layout_basic
D:12:     layout_long_grid, uniq_snorg
D:13:     minmay_bloctagon_deflated, layout_cave_pools, david_vaults_2,
          drop_trap, bh_circular_ruins
Temple:   regret_index_temple_sigil_plot
Lair:1:   layout_gridlike, portal_ice_cave_demonic_guard, wad_woods_road_02
Lair:2:   layout_misc_corridors, nicolae_volcano_entry_lava_flow
Lair:3:   minmay_lair_oklob_tunnel, layout_hall_layers, dummy_snake_entry,
          uniq_rupert
Orc:1:    layout_caves
Orc:2:    st_orc_ogre_mass, layout_caves, mines2_lemuel

Skill      XL: |  1  2  3  4  5  6  7  8  9 10 11 12 13 14 |
---------------+-------------------------------------------+-----
Dodging        | 2 3 4 |  4.0
Stealth        | 2 3 5 |  5.0
Spellcasting   | 3 4 5 7 8 9 11 | 11.2
Hexes          | 1 2 3 5 6 7 8 9 |  9.4
Conjurations   | 5 6 7 8 9 10 11 12 | 12.0
Translocations | 2 3 4 6 7 8 9 10 | 10.0
Poison Magic   | 2 4 |  4.0
Air Magic      | 1 2 |  2.0
Fighting       | 1 2 3 |  3.0
Evocations     | 1 2 |  2.0
Fire Magic     | 3 4 5 6 |  6.1
Transmutations | 2 4 |  4.0
Ice Magic      | 1 4 |  4.0

Action                   |  1- 3 |  4- 6 |  7- 9 | 10-12 | 13-15 || total
-------------------------+-------+-------+-------+-------+-------++-------
Melee: Whip              |    20 |       |       |       |       ||    20
       Tailslap          |     4 |     5 |     7 |     1 |     1 ||    18
       Dagger            |    20 |    22 |    54 |       |     4 ||   100
       Staff             |       |       |     1 |     5 |       ||     6
Throw: Dart              |     5 |     2 |       |       |       ||     7
 Cast: Magic Dart        |    34 |    37 |    33 |    35 |    13 ||   152
       Searing Ray       |     3 |    24 |    52 |    50 |    35 ||   164
       Fulminant Prism   |       |       |     7 |   131 |   127 ||   265
       Iskenderun's Myst |       |       |       |    44 |    24 ||    68
       Mephitic Cloud    |       |       |       |     7 |     4 ||    11
       Hailstorm         |       |       |       |     5 |     7 ||    12
       Ignite Poison     |       |       |       |     4 |       ||     4
       Fireball          |       |       |       |       |    17 ||    17
Evoke: Wand              |       |       |       |     1 |       ||     1
  Use: Scroll            |       |     4 |     5 |    17 |     1 ||    27
       Potion            |       |       |       |       |     3 ||     3
 Stab: Sleeping          |     3 |     2 |     1 |       |       ||     6
Armor: Skin              |    16 |     8 |    57 |    20 |    24 ||   125
Dodge: Dodged            |    34 |    26 |    68 |    40 |    45 ||   213
